 Dungeon Crawl Stone Soup version 0.18.1-50-g88ac8fd (webtiles) character file.

384 Gaplan the Covert (level 7, -5/40 HPs)
             Began as a Kobold Assassin on Oct 16, 2016.
             Slain by an orc priest
             ... wielding a cursed -1 falchion
              (6 damage)
             ... on level 4 of the Dungeon.
             The game lasted 00:12:25 (4752 turns).

Gaplan the Covert (Kobold Assassin)                 Turns: 4752, Time: 00:12:25

Health: -5/40      AC:  4    Str:  9    XL:     7   Next: 6%
Magic:  7/7        EV: 19    Int:  9    God:
Gold:   148        SH:  0    Dex: 20    Spells: 0 memorised, 6 levels left

rFire  . . .     SeeInvis .     a - +2 dagger
rCold  . . .     Gourm    .     c - +0 robe
rNeg   . . .     Faith    .     (shield restricted)
rPois  +         Spirit   .     o - +0 helmet
rElec  .         Dismiss  .     d - +0 cloak
rCorr  .         Reflect  .     (no gloves)
SustAt .         Harm     .     (no boots)
MR     .....                    (no amulet)
Stlth  +++++.....               (no ring)
                                h - ring of poison resistance

@: not resistant to hostile enchantments, quite stealthy
A: carnivore 3
a: no special abilities


You were on level 4 of the Dungeon.
You were completely stuffed.

You visited 1 branch of the dungeon, and saw 4 of its levels.

You collected 148 gold pieces.

Inventory:

Hand Weapons
 a - a +2 dagger (weapon)
 b - a +0 blowgun
 r - a +0 dagger
Missiles
 e - 33 poisoned needles
 f - 2 curare-tipped needles
Armour
 c - a +0 robe (worn)
 d - a +0 cloak (worn)
 o - a +0 helmet (worn)
Jewellery
 h - a ring of poison resistance (left hand)
 v - an uncursed ring of flight {unknown}
 z - an uncursed amulet of dismissal {unknown}
Wands
 G - a wand of digging (14/24)
Scrolls
 i - 3 scrolls of remove curse {unknown}
 j - 2 scrolls of fear {unknown}
 k - a scroll of magic mapping {unknown}
 m - 3 scrolls of enchant armour {unknown}
 p - a scroll of teleportation {unknown}
 q - 3 scrolls of amnesia {unknown}
 t - 2 scrolls of fog {unknown}
 y - a scroll of blinking {unknown}
 B - a scroll of noise {unknown}
 F - a scroll of identify {unknown}
Potions
 n - a potion of beneficial mutation {unknown}
 s - a potion of magic {unknown}
 w - 2 potions of curing {unknown}
 A - 2 potions of might {unknown}
 C - a potion of heal wounds {unknown}
 D - a potion of brilliance {unknown}
 H - a potion of lignification {unknown}
Comestibles
 g - 2 meat rations
 l - 2 royal jellies
 u - 2 slices of pizza
 x - 6 chunks of flesh
 E - a bread ration


   Skills:
 + Level 2.6 Fighting
 + Level 3.6 Short Blades
 - Level 2.1 Throwing
 * Level 5.3 Dodging
 * Level 8.2 Stealth


You had 6 spell levels left.
You didn't know any spells.

Dungeon Overview and Level Annotations

Branches:
Dungeon (4/15)
 Temple: D:4-7

Altars:
Cheibriados

Annotations:
D:3 ciphuk's ghost, amateur MfSk


Innate Abilities, Weirdness & Mutations

You are small and have problems with some larger weapons.
You are carnivorous and can eat meat at any time.


Message History

The orc priest misses you.
You closely miss the orc priest.
The orc priest is moderately wounded.
You closely miss the orc priest.
The orc priest is moderately wounded.
The orc priest hits you with a falchion!
* * * LOW HITPOINT WARNING * * *
You closely miss the orc priest.
The orc priest is moderately wounded.
The orc priest misses you.
You hit the orc priest.
The orc priest is heavily wounded.
The orc priest hits you with a falchion!
* * * LOW HITPOINT WARNING * * *
You hit the orc priest.
The orc priest is heavily wounded.
You hit the orc priest but do no damage.
The orc priest is heavily wounded.
The orc priest hits you with a falchion.
You die...

..#
#..............#..#
..#
#.###.###.#....#..#
..#
#.....#........#..#
..# #......#
#######.#....#....#
..# #.ooo..#
#...#....#.##.# ..#
#....o.#
#.###.#....##.# ..#
#..(...# #.#
#.#....##.# ..#
#......# ####.#
#....#.##.# ###
#......# #o@..#
####.#....#
#....†.# #†####
#.######
#......####.# #.#
#.....ooo...# ..#
#......###### ###
#......# #####...
####. .


You could see an orc priest.

Vanquished Creatures
  A phantom (D:4)
  Crazy Yiuf (D:4)
  A hound (D:4)
  A worker ant (D:4)
  A hound skeleton (D:4)
  Robin (D:2)
  3 gnolls (D:3)
  3 adders
  An ooze (D:3)
  A worm (D:3)
  3 giant geckos (D:4)
  11 orcs
  5 ball pythons
  9 giant cockroaches
  19 goblins
  12 hobgoblins
  7 jackals
  10 kobolds
  A quokka (D:2)
  11 bats
  4 giant newts
  9 rats
115 creatures vanquished.

Notes
Turn   | Place    | Note
--------------------------------------------------------------
     0 | D:1      | Gaplan the Kobold Assassin began the quest for the Orb.
     0 | D:1      | Reached XP level 1. HP: 12/12 MP: 1/1
    52 | D:1      | Reached XP level 2. HP: 7/17 MP: 2/2
   754 | D:1      | Reached skill level 6 in Stealth
  1176 | D:1      | Reached XP level 3. HP: 21/21 MP: 3/3
  2028 | D:2      | Reached XP level 4. HP: 26/26 MP: 4/4
  2198 | D:2      | Noticed Robin
  2236 | D:2      | Killed Robin
  2791 | D:3      | Reached XP level 5. HP: 13/31 MP: 5/5
  2998 | D:3      | Reached skill level 7 in Stealth
  3812 | D:3      | Noticed ciphuk's ghost (amateur MfSk)
  3842 | D:4      | Noticed a phantom
  3854 | D:4      | Killed a phantom
  3854 | D:4      | Reached XP level 6. HP: 16/36 MP: 6/6
  4035 | D:4      | Found a snail-covered altar of Cheibriados.
  4492 | D:4      | Noticed Crazy Yiuf
  4498 | D:4      | Killed Crazy Yiuf
  4498 | D:4      | Reached skill level 5 in Dodging
  4596 | D:4      | Reached skill level 8 in Stealth
  4726 | D:4      | Reached XP level 7. HP: 22/40 MP: 7/7
  4750 | D:4      | HP: 1/40 [orc priest/falchion (7)]
  4752 | D:4      | Slain by an orc priest

Skill      XL: |  1  2  3  4  5  6 |
---------------+-------------------+-----
Stealth        | 6 7 8 |  8.2
Short Blades   | 3 |  3.6
Dodging        | 2 3 4 5 |  5.3
Fighting       | |  2.6
Throwing       | |  2.1

Action                   |  1- 3 |  4- 6 |  7- 9 || total
-------------------------+-------+-------+-------++-------
Melee: Dagger            |   148 |   276 |    23 ||   447
 Stab: Sleeping          |    10 |    21 |       ||    31
       Distracted        |       |     1 |       ||     1
  Eat: Chunk             |    12 |     9 |       ||    21
Armor: Robe              |    25 |    34 |       ||    59
Dodge: Dodged            |    98 |   165 |    13 ||   276
